 Dungeon Crawl Stone Soup version 0.31.0-11-ge490571c62 (webtiles) character file.

Game seed: 3118645097296552704

56 Skitler the Caller (level 3, -1/25 HPs)
             Began as a Mummy Summoner on Jan 30, 2024.
             Killed from afar by an orc wizard (4 damage)
             ... with a magic dart
             ... on level 2 of the Dungeon.
             The game lasted 00:05:58 (1816 turns).

Skitler the Caller (Mummy Summoner)                 Turns: 1816, Time: 00:05:59

Health: -1/25      AC:  7    Str: 11    XL:     3   Next: 71%
Magic:  8/8        EV: 11    Int: 16    God:
Gold:   167        SH:  5    Dex: 12    Spells: 8/9 levels left

rFire   x . .        o - +0 dagger
rCold   + . .        (no shield)
rNeg    + + +        b - +3 leather armour
rPois   ∞            (no helmet)
rElec   .            (no cloak)
rCorr   .            (no gloves)
SInv    .            e - +0 pair of boots
Will    .....        d - amulet of reflection
Stlth   +            (no ring)
HPRegen 0.24/turn    (no ring)
MPRegen 0.11/turn

%: reflection, faith
@: no status effects
A: cold resistance 1, negative energy resistance 3, torment resistance 2, heat
vulnerability 1, in touch with death 1, no potions, faith
a: no special abilities


You were on level 2 of the Dungeon.
You visited 1 branch of the dungeon, and saw 3 of its levels.

You collected 167 gold pieces.

Inventory:

Hand Weapons
 i - a +0 club
 o - a +0 dagger (weapon)
Armour
 a - a +0 robe
 b - a +3 leather armour (worn)
 e - a +0 pair of boots (worn)
Jewellery
 d - an amulet of reflection (around neck)
Wands
 q - a wand of digging (6)
Scrolls
 c - 3 scrolls of immolation {unknown}
 f - 2 scrolls of teleportation {unknown}
 g - 2 scrolls of identify {unknown}
 h - a scroll of poison {unknown}
 j - a scroll of enchant armour {unknown}
 k - a scroll of torment {unknown}
 l - 2 scrolls of fear {unknown}
 m - a scroll of revelation {unknown}
 n - a scroll of fog {unknown}
 p - a scroll of butterflies {unknown}


   Skills:
 * Level 0.8 Fighting
 + Level 1.5 Dodging
 - Level 1.5 Stealth
 * Level 3.7 Spellcasting
 * Level 4.0 Summonings


You had 8 spell levels left.
You knew the following spells:

 Your Spells              Type           Power      Damage    Failure   Level
a - Summon Small Mammal   Summ           60%        N/A       4%          1

Your spell library contained the following spells:

 Spells                   Type           Power      Damage    Failure   Level
 Call Imp                 Summ           30%        N/A       7%          2
 Call Canine Familiar     Summ           15%        N/A       13%         3
 Apportation              Tloc           4%         N/A       22%         1
 Magic Dart               Conj           8%         1d3       22%         1
 Necrotise                Necr           16%        1d4       22%         1
 Sting                    Conj/Alch      8%         1d3       22%         1
 Blink                    Tloc           4%         N/A       34%         2
 Summon Blazeheart Golem  Fire/Summ      9%         N/A       69%         4
 Summon Lightning Spire   Summ/Air       9%         N/A       69%         4
 Cause Fear               Hex            1%         N/A       92%         4
 Fireball                 Conj/Fire      1%         3d3       99%         5
 Dragon's Call            Summ           7%         N/A       100%        9


Dungeon Overview and Level Annotations

Branches:
Dungeon (3/15)

Altars:


Innate Abilities, Weirdness & Mutations

You are immune to poison.
Your flesh is cold resistant. (rC+)
You are immune to negative energy. (rN+++)
You are immune to unholy pain and torment.
You are vulnerable to heat. (rF-)
You are in touch with the powers of death.
You do not drink.
You have a special connection with the divine. (Faith)


Message History

You barely miss something.
You hear some strange, mumbled words.
You are more confused.
You barely miss something. Your punch misses something. Something hits you.
You bump into the rock wall.
Something hits you but does no damage.
You're too confused to move!
Something barely misses you.
You closely miss something. Something hits you but does no damage.
You miss something. Something hits you but does no damage.
You completely miss something. Something hits you but does no damage.
You barely miss something. Something hits you but does no damage.
You're too confused to move!
Something hits you but does no damage.
You bump into the rock wall.
You hear some strange, mumbled words.
A puff of flame appears from out of thin air!
The puff of flame misses you.
You bump into the rock wall.
Something hits you.
You bump into the rock wall.
You feel less confused.
You hear some strange, mumbled words.
A puff of flame appears from out of thin air!
The puff of flame hits you! The fire burns you terribly!
* * * LOW HITPOINT WARNING * * *
You miss something. Something hits you but does no damage.
You closely miss something.
You hear some strange, mumbled words.
A magic dart appears from out of thin air!
The magic dart hits you.
* * * LOW HITPOINT WARNING * * *
You are too injured to fight recklessly!
Something hits you but does no damage.
There is a stone staircase leading up here.
Something hits you but does no damage.
You climb upwards.
Reactivating autopickup.
There is a stone staircase leading down here.
You hear some strange, mumbled words.
A magic dart appears from out of thin air!
Deactivating autopickup; reactivate with Ctrl-A.
The magic dart hits you.
You die...

..........###
..####......# ..#
#......# ..# #......#
### #......#
######......#########
....................#
...............{>##.#
............####@##.#
.............# #.##.#
.............# #.##.#
##...........# #.##.#
.............# #.##.#
........###### #....#
......##### ######
....#.....#
....#.....#


There were no monsters in sight!

Vanquished Creatures
  A dart slug (D:2)
  2 endoplasms (D:2)
  A giant cockroach (D:1)
  A hobgoblin (D:2)
  A quokka (D:2)
  6 ball pythons
  2 bats (D:1)
  A frilled lizard (D:2)
  2 goblins (D:2)
  2 rats
19 creatures vanquished.

Vanquished Creatures (collateral kills)
  An adder (D:2)
  2 orcs (D:3)
  An endoplasm (D:1)
  6 goblins
  3 hobgoblins
  4 ball pythons (D:2)
  A bat (D:1)
  A frilled lizard (D:1)
  A rat (D:2)
20 creatures vanquished.

Grand Total: 39 creatures vanquished

Notes
Turn   | Place    | Note
-------+----------+-------------------------------------------
     0 | D:1      | Skitler the Mummy Summoner began the quest for the Orb.
     0 | D:1      | Reached XP level 1. HP: 13/13 MP: 4/4
   300 | D:1      | Reached XP level 2. HP: 19/19 MP: 3/6
   325 | D:1      | You fall into a shaft and drop 1 floor!
   896 | D:1      | Found a faded altar of an unknown god.
  1290 | D:2      | Reached XP level 3. HP: 18/25 MP: 6/8
  1693 | D:3      | Reached skill level 4 in Summonings
  1816 | D:2      | Killed from afar by an orc wizard

Illustrated notes

Levels and vault maps discovered:
D:1:      ebering_hopf_link, layout_basic, shapermc_ecumenical_altar_petra
D:2:      kennysheep_the_goblin_king, layout_basic, kennysheep_generic_room_9
D:3:      layout_basic

Skill      XL: |  1  2  3 |
---------------+----------+-----
Spellcasting   | 3 |  3.7
Summonings     | 4 |  4.0
Fighting       | |  0.8
Dodging        | |  1.5
Stealth        | |  1.5

Action                     || total
---------------------------++-------
  Melee: Unarmed           ||    13
         Dagger            ||   106
         Club              ||    22
         Punch             ||     1
   Cast: Summon Small Mamm ||    30
 Armour: Leather armour    ||    95
         Robe              ||     4
  Dodge: Dodged            ||    65
  Block: Other             ||    24
         Reflection        ||     1
